 Dungeon Crawl Stone Soup version 0.21-a0 (webtiles) character file.

357 Manul the Poker (level 6, -16/55 HPs)
             Began as a Draconian Monk on May 20, 2017.
             Killed from afar by tilp's ghost (33 damage)
             ... with a flame tongue
             ... on level 4 of the Dungeon.
             The game lasted 00:05:30 (4968 turns).

Manul the Poker (Draconian Monk)                    Turns: 4968, Time: 00:05:31

Health: -16/55     AC:  6    Str: 14    XL:     6   Next: 37%
Magic:  6/6        EV: 14    Int: 10    God:
Gold:   225        SH:  0    Dex: 15    Spells: 5/5 levels left

rFire    x . .     SeeInvis .   a - +0 spear
rCold    + . .     Gourm    .   (no shield)
rNeg     . . .     Faith    .   (armour unavailable)
rPois    +         Spirit   .   (helmet restricted)
rElec    .         Reflect  .   (no cloak)
rCorr    .         Harm     .   (no gloves)
MR       .....                  (no boots)
Stlth    ++........             (no amulet)
Regen    0.2/turn               k - ring of poison resistance
MPRegen  0.1/turn               o - ring of ice

@: no status effects
A: unfitting armour, cold-blooded, AC +6
a: no special abilities


You were on level 4 of the Dungeon.
You were not hungry.

You visited 2 branches of the dungeon, and saw 6 of its levels.

You collected 225 gold pieces.

Inventory:

Hand Weapons
 a - a +0 spear (weapon)
 n - a +0 great sword
Missiles
 p - a throwing net (quivered)
Jewellery
 k - a ring of poison resistance (left hand)
 o - a ring of ice (right hand)
Scrolls
 j - 3 scrolls of teleportation {unknown}
 m - a scroll of fog {unknown}
 r - a scroll of blinking {unknown}
Potions
 g - 3 potions of agility
 h - 3 potions of curing
 i - 3 potions of lignification {unknown}
 q - a potion of resistance {unknown}
Comestibles
 b - a bread ration
 f - a meat ration
 l - a royal jelly


   Skills:
 + Level 4.8 Fighting
 + Level 5.3 Polearms
 + Level 4.1 Dodging
 - Level 2.1 Stealth


You had 5 spell levels left.
You didn't know any spells.

Dungeon Overview and Level Annotations

Branches:
Dungeon (5/15)             Temple (1/1) D:4

Altars:
Cheibriados
Dithmenos
Elyvilon
Fedhas
Hepliaklqana
Kikubaaqudgha
Nemelex Xobeh
Okawaru
Qazlal
Uskayaw
Xom
Zin
The Shining One
Lugonu

Annotations:
D:3 2 transporters
D:4 tilp's ghost, novice HOFE
D:5 Sigmund


Innate Abilities, Weirdness & Mutations

Your plain brown scales are hard. (AC +6)
You cannot fit into any form of body armour.
You are cold-blooded and may be slowed by cold attacks.


Message History

A puff of frost appears from out of thin air!
The puff of frost hits you! You resist. Something hits you but does no damage.
You hear some strange, mumbled words.
A puff of frost appears from out of thin air!
The puff of frost hits you! You resist. Something hits you but does no damage.
A magic dart appears from out of thin air!
The magic dart hits you!
* * * LOW HITPOINT WARNING * * *
There is a stone staircase leading up here.
You climb upwards.
Level annotation: tilp's ghost, novice HOFE
There is a stone staircase leading down here.
An orc comes into view. It is wielding a mace.
The orc moves out of view.
Tilp's ghost points at you and mumbles some strange words.
The flame tongue hits you! The fire burns you terribly!
Ouch! That really hurt!
You die...

###.###....# ..........# ### #.#
#....# ..........# ..###.# #....#
..........# ..+.#.# #....#
..........###### ..#.#.######.#
...............
..........(#'########............
##...................#...........
#..(................#...........
#..............@.W....>$........
##.#.#####..........###.....(...
#.#.# #..........# #.........
#.#.# #..........# #.........
#.#.# #..........# ##########
#.#.# ############ #.#.# #.#.#
#...#


You could see tilp's ghost.

Vanquished Creatures
  An orc wizard (D:5)
  2 iguanas (D:4)
  3 worker ants (D:4)
  3 gnolls
  8 adders
  An ooze (D:5)
  3 worms
  2 dart slugs (D:3)
  A leopard gecko (D:3)
  3 orcs
  4 giant cockroaches
  11 goblins
  15 hobgoblins
  8 jackals
  A quokka (D:4)
  11 bats
  5 frilled lizards
  4 kobolds
  6 rats
92 creatures vanquished.

Notes
Turn   | Place    | Note
-------+----------+-------------------------------------------
     0 | D:1      | Manul the Draconian Monk began the quest for the Orb.
     0 | D:1      | Reached XP level 1. HP: 19/19 MP: 1/1
   154 | D:1      | Reached XP level 2. HP: 22/26 MP: 2/2
   870 | D:2      | Reached XP level 3. HP: 33/33 MP: 3/3
   917 | D:2      | Found a sparkling altar of Nemelex Xobeh.
  1253 | D:2      | Reached XP level 4. HP: 39/40 MP: 4/4
  1973 | D:2      | Reached skill level 4 in Polearms
  2006 | D:2      | Found an ancient bone altar of Kikubaaqudgha.
  2007 | D:2      | Found a blossoming altar of Fedhas.
  2353 | D:3      | Reached XP level 5. HP: 47/47 MP: 5/5
  2658 | D:3      | Found a hazy altar of Hepliaklqana.
  2793 | D:3      | Found a snail-covered altar of Cheibriados.
  2793 | D:3      | Found a shimmering altar of Xom.
  2795 | D:3      | Found a glowing silver altar of Zin.
  2795 | D:3      | Found a white marble altar of Elyvilon.
  2795 | D:3      | Found a shimmering altar of Xom.
  3303 | D:4      | Noticed tilp's ghost (novice HOFE)
  4118 | D:4      | Reached skill level 5 in Polearms
  4118 | D:4      | Reached XP level 6. HP: 18/53 MP: 6/6
  4442 | D:4      | Found a staircase to the Ecumenical Temple.
  4455 | Temple   | Entered the Ecumenical Temple
  4591 | D:5      | Entered Level 5 of the Dungeon
  4931 | D:5      | Noticed Sigmund
  4968 | D:4      | Killed from afar by tilp's ghost

Vault maps used:
D:1:      mrwooster_arrival_statue, minmay_cupped
D:2:      grunt_temple_overflow_growth_and_decay,
          nemelex_xobeh_ov_fountains_minmay
D:3:      gammafunk_steamed_eel, doesnt_xom_only_xom
D:4:      temple_pool_b, first_bread
D:5:      hex_tiny, nemelex_dance_club_becter, uniq_sigmund, uniq_pikel,
          uniq_menkaure
Temple:   corrupted_temple

Skill      XL: |  1  2  3  4  5 |
---------------+----------------+-----
Dodging        | 3 4 |  4.1
Stealth        | 2 |  2.1
Fighting       | 4 |  4.8
Polearms       | 4 5 |  5.3

Action                   |  1- 3 |  4- 6 || total
-------------------------+-------+-------++-------
Melee: Spear             |   159 |   304 ||   463
       Tailslap          |     6 |    41 ||    47
  Use: Scroll            |       |     3 ||     3
       Potion            |       |     2 ||     2
 Stab: Sleeping          |     9 |     8 ||    17
  Eat: Chunk             |     1 |    10 ||    11
       Bread ration      |       |     1 ||     1
Armor: Skin              |    25 |    73 ||    98
Dodge: Dodged            |    83 |   158 ||   241
